 Dungeon Crawl Stone Soup version 0.30-a0-1164-ge08a67761e (webtiles) character file.

Game seed: 13281846850492822618

179475 Sobieck the Cryomancer (level 17, -29/80 HPs)
             Began as a Deep Elf Conjurer on Apr 29, 2023.
             Was a High Priest of Sif Muna.
             Engulfed by Bai Suzhen's thunder (37 damage)
             ... on level 4 of the Snake Pit.
             The game lasted 02:02:53 (43047 turns).

Sobieck the Cryomancer (Deep Elf Conjurer)         Turns: 43047, Time: 02:02:54

Health: -29/80     AC: 13    Str:  8    XL:     17   Next: 61%
Magic:  29/41      EV: 16    Int: 44    God:    Sif Muna [*****.]
Gold:   2385       SH:  0    Dex: 13    Spells: 19/52 levels left

rFire   + . .        b - staff of cold {!astaff}
rCold   + + .        (no shield)
rNeg    . . .        U - +2 robe {rF+}
rPois   .            x - +2 helmet
rElec   .            I - scarf {rC+ rF+}
rCorr   +            Y - +2 pair of gloves
SInv    .            e - +2 pair of boots {Fly}
Will    +....        K - amulet of magic regeneration {@e2}
Stlth   ++           f - ring of the Summoning Queen {rF- rCorr Str+4 Int+6}
HPRegen 0.33/turn    c - +6 ring of intelligence
MPRegen 0.67/turn

%: no passive effects
@: in a vortex, flying, studying Shields
A: no striking features
a: Renounce Religion, Channel Magic, Forget Spell, Divine Exegesis


You were on level 4 of the Snake Pit.
You worshipped Sif Muna.
Sif Muna was extremely pleased with you.
You visited 5 branches of the dungeon, and saw 27 of its levels.

You collected 3885 gold pieces.
You spent 1500 gold pieces at shops.


   Skills:
 - Level 9.0 Dodging
 - Level 2.4 Stealth
 - Level 4.0 Shields
 - Level 18.0 Spellcasting
 - Level 14.0 Conjurations
 - Level 9.0 Hexes
 - Level 4.0 Translocations
 * Level 23.4 Ice Magic
 - Level 3.0 Air Magic
 - Level 9.0 Invocations


You had 19 spell levels left.
You knew the following spells:

 Your Spells              Type           Power      Damage    Failure   Level
a - Magic Dart            Conj           100%       1d8       0%          1
b - Searing Ray           Conj           100%       2d8       0%          2
c - Fulminant Prism       Conj/Hex       48%        3d21      1%          4
d - Iskenderun's Mystic   Conj/Tloc      87%        2d17      1%          4
e - Swiftness             Air            60%        N/A       1%          3
f - Ozocubu's Refrigerat  Ice            76%        4d24      1%          7
g - Ozocubu's Armour      Ice            100%       N/A       0%          3
i - Polar Vortex          Ice            76%        N/A       4%          9

Your spell library contained the following spells:

 Spells                   Type           Power      Damage    Failure   Level
 Ensorcelled Hibernation  Hex/Ice        100%       N/A       0%          2
 Dazzling Flash           Conj/Hex       100%       N/A       0%          3
 Hailstorm                Conj/Ice       100%       3d20      0%          3
 Foxfire                  Conj/Fire      100%       2x1d9     1%          1
 Shock                    Conj/Air       100%       1d9       1%          1
 Blink                    Tloc           100%       N/A       1%          2
 Call Imp                 Summ           78%        N/A       1%          2
 Cigotuvi's Dreadful Rot  Necr/Pois/Air  96%        N/A       1%          2
 Lesser Beckoning         Tloc           100%       N/A       1%          2
 Passwall                 Tmut/Erth      32%        N/A       1%          2
 Wereblood                Tmut           39%        N/A       1%          2
 Ignite Poison            Fire/Tmut/Pois 39%        N/A       1%          3
 Mephitic Cloud           Conj/Pois/Air  73%        N/A       1%          3
 Portal Projectile        Hex/Tloc       100%       N/A       1%          3
 Spider Form              Tmut/Pois      39%        N/A       1%          3
 Stone Arrow              Conj/Erth      100%       3d13      1%          3
 Tukima's Dance           Hex            87%        N/A       1%          3
 Airstrike                Air            30%        2d(5-21)  1%          4
 Anguish                  Hex/Necr       34%        N/A       1%          4
 Cause Fear               Hex            43%        N/A       1%          4
 Ice Form                 Ice/Tmut       100%       N/A       1%          4
 Manifold Assault         Tloc           65%        N/A       1%          4
 Passage of Golubria      Tloc           65%        N/A       1%          4
 Summon Ice Beast         Ice/Summ       100%       N/A       1%          4
 Arcjolt                  Conj/Air       42%        1d52      1%          5
 Fireball                 Conj/Fire      39%        3d16      1%          5
 Metabolic Englaciation   Hex/Ice        67%        N/A       1%          5
 Silence                  Hex/Air        37%        N/A       1%          5
 Simulacrum               Ice/Necr       60%        N/A       1%          6
 Summon Mana Viper        Hex/Summ       68%        N/A       2%          5
 Yara's Violent Unravell  Hex/Tmut       34%        3d14      2%          5
 Starburst                Conj/Fire      39%        6d11      4%          6
 Animate Armour           Summ/Erth      78%        N/A       6%          4
 Petrify                  Tmut/Erth      39%        N/A       6%          4
 Enfeeble                 Hex            43%        N/A       12%         7
 Blade Hands              Tmut           19%        N/A       16%         5
 Spellforged Servitor     Conj/Summ      39%        N/A       28%         7
 Plasma Beam              Fire/Air       25%        2x1d41    43%         6
 Statue Form              Tmut/Erth      26%        N/A       65%         6
 Lehudib's Crystal Spear  Conj/Erth      39%        10d10     91%         8
 Monstrous Menagerie      Summ           19%        N/A       99%         7
 Dragon's Call            Summ           19%        N/A       100%        9
 Shatter                  Erth           19%        3d18*     100%        9

Inventory:

Missiles
 p - 11 boomerangs {throwing}
 u - 2 silver javelins {throwing}
 B - 75 poisoned darts {throwing}
 M - 18 javelins {throwing}
Armour
 e - a +2 pair of boots of flying (worn)
   (You bought it in a shop on level 2 of the Orcish Mines)
 s - a +0 buckler
   (You took it off a tengu conjurer on level 14 of the Dungeon)
 x - a +2 helmet (worn)
   (You found it on level 7 of the Dungeon)
 I - a scarf of resistance (worn)
   (You found it on level 14 of the Dungeon)
 U - a +2 robe of fire resistance (worn)
   (You took it off Jorgrun on level 2 of the Orcish Mines)
 Y - a +2 pair of gloves (worn)
   (You found it on level 3 of the Dungeon)
Magical Staves
 a - a staff of conjuration {!a@e2staff}
   (You found it on level 11 of the Dungeon)
 b - a staff of cold (weapon) {!astaff}
   (You acquired it on level 3 of the Lair of Beasts)
 A - the staff of air "Uzxuoryl" {rElec rF+ rC+ rCorr Str+3, !astaff}
   (You found it on level 11 of the Dungeon)

   [staff of air]

   Base accuracy: +5 Base damage: 5 Base attack delay: 1.2 This weapon's minimum
   attack delay (0.6) is reached at skill level 12.
   Str:       It affects your strength (+3).
   rF:        It protects you from fire.
   rC:        It protects you from cold.
   rElec:     It insulates you from electricity.
   rCorr:     It protects you from acid and corrosion.
   It falls into the 'Staves' category.
   It is a one-handed weapon.
 E - a staff of fire {!astaff}
   (You found it on level 12 of the Dungeon)
Jewellery
 c - a +6 ring of intelligence (right hand)
   (You found it on level 13 of the Dungeon)
 f - the ring of the Summoning Queen (left hand) {rF- rCorr Str+4 Int+6}
   (You found it on level 1 of the Snake Pit)

   [ring of intelligence]

   Str:       It affects your strength (+4).
   Int:       It affects your intelligence (+6).
   rF:        It makes you vulnerable to fire.
   rCorr:     It protects you from acid and corrosion.
 K - an amulet of magic regeneration (around neck) {@e2}
   (You found it on level 13 of the Dungeon)
Wands
 q - a wand of acid (8)
   (You found it on level 11 of the Dungeon)
 G - a wand of charming (38)
   (You found it on level 2 of the Dungeon)
 L - a wand of roots (5)
   (You found it on level 13 of the Dungeon)
 T - a wand of digging (10)
   (You found it on level 1 of the Lair of Beasts)
 V - a wand of mindburst (6)
   (You found it on level 5 of the Lair of Beasts)
 Z - a wand of polymorph (3)
   (You found it on level 5 of the Lair of Beasts)
Scrolls
 d - 3 scrolls of vulnerability {!r!r}
 h - a scroll of silence {!r}
 i - 3 scrolls of immolation {!r!r}
 k - 4 scrolls of magic mapping {!r}
 w - 2 scrolls of torment {!r}
 y - 7 scrolls of teleportation {@r4}
 z - 2 scrolls of identify {@r1}
 C - a scroll of fog
 F - 3 scrolls of fear
 R - a scroll of blinking {!r}
Potions
 g - 2 potions of cancellation
 j - 8 potions of haste {@q3}
 l - 2 potions of resistance
 o - 8 potions of curing {@q1}
 r - 3 potions of berserk rage {!q}
 t - 5 potions of heal wounds {@q2}
 v - 3 potions of magic
 N - 6 potions of might
 O - 2 potions of flight
 P - 3 potions of invisibility
 S - 6 potions of mutation {!q}
 W - 7 potions of brilliance
 X - 5 potions of lignification {!q}
Miscellaneous
 m - a phantom mirror
   (You found it on level 11 of the Dungeon)
 n - a condenser vane
   (You found it on level 11 of the Dungeon)
 D - a piece from Xom's chessboard (15/15)
   (You found it on level 11 of the Dungeon)
 H - a box of beasts
   (You found it on level 11 of the Dungeon)
 J - a lightning rod (4/4)
   (You found it on level 10 of the Dungeon)
 Q - a phial of floods
   (You found it on level 11 of the Dungeon)

Dungeon Overview and Level Annotations

Branches:
Dungeon (15/15) Zot: 25509  Temple (1/1) D:7 Zot: 5879    Lair (5/5) D:8 Zot: 20533
 Shoals (0/4) Lair:3        Snake (4/4) Lair:2 Zot: 19696   Slime (0/5) Lair:5
    Orc (2/2) D:12 Zot: 8136     Elf (0/3) Orc:2        Vaults (0/5) D:13
 Depths (0/4) D:15

Altars:
Ashenzari
Cheibriados
Dithmenos
Elyvilon
Fedhas
Gozag
Hepliaklqana
Makhleb
Nemelex Xobeh
Okawaru
Qazlal
Ru
Sif Muna
Trog
Uskayaw
Vehumet
Wu Jian
Yredelemnul
Zin
Jiyva

Shops:
Orc:1 **   Orc:2 !![((

Annotations:
D:2 1 runed translucent door, Crazy Yiuf
D:3 Sigmund
D:8 2 transporters, themarg's ghost, journeyman MfSu
D:13 1 runed translucent door, Cunint's ghost, journeyman MiBe
Lair:3 3 runed translucent doors, Esekla's ghost, journeyman OpDe; fozzywoppz's ghost, journeyman TrFi; killozap's ghost, journeyman DsNe
Lair:5 1 runed translucent door
Snake:4 Bai Suzhen
Orc:1 1 runed translucent door, Fuihifyi's ghost, journeyman DsCK

### ###........ ###
#.|...... ###.###
#......... ##§§§§§##
#......... #
§§§§§§§###.#........
#.##§§§§§§§§..#######.#
#§§§§§§§§§§.. #.#
#§§§§D§§§§§# ##.
#§§§§@§§§## ##§§D###§#
#§## #


You could see Bai Suzhen (clouds) and an eight-headed hydra (summoned).


Message History

The heat is drained from your surroundings.
The salamander is frozen!
You kill the salamander!
Sif Muna accepts your kill.
You start resting.
You start resting.
Unknown command.
You fly downwards.
The mana viper bites you.
You feel your power leaking away.
The mana viper bites you but does no damage.
There is a stone staircase leading up, spattered with blood here.
Danger!
Casting: Ozocubu's Refrigeration (safe; 1% risk of failure)
Confirm with . or Enter, or press ? or * to list all spells.
The spell is quite dangerous to miscast (4% risk of failure)!
Continue anyway?
You feel a surge of power!
A great freezing vortex appears around you.
The mana viper barely misses you. The mana viper misses you.
Unknown command.
You kill the mana viper!
Sif Muna accepts your kill.
Unknown command.
The winds around you start to calm down.
You hear an angry hiss.
Unknown command.
Unknown command.
You start resting.
The winds around you calm down.
Unknown command.
Unknown command.
Your pack is full.
You see here a staff of fire {!astaff}.
There is a stone staircase leading up, spattered with blood here.
Unknown command.
A black mamba comes into view.
The black mamba moves out of view.
Unknown command.
Danger!
Unknown command.
Unknown command.
You feel a surge of power!
The heat is drained from your surroundings.
You kill the black mamba!
Sif Muna accepts your kill.
Unknown command.
You see here a +0 scimitar {long}.
There is a stone staircase leading up, spattered with blood here.
You fly upwards.
There is a stone staircase leading down here.
There is an open door here.
There is an open door here.
You reach down and open the door.
There is an open door here.
There is a stone staircase leading down here.
You fly downwards.
Bai Suzhen roars!
There is a stone staircase leading up here.
Danger!
Unknown command.
Unknown command.
Unknown command.
You feel a surge of power!
The heat is drained from your surroundings.
Bai Suzhen resists.
Casting: Ozocubu's Refrigeration (safe; 1% risk of failure)
Confirm with . or Enter, or press ? or * to list all spells.
The spell is quite dangerous to miscast (4% risk of failure)!
Continue anyway?
You feel a surge of power!
A great freezing vortex appears around you.
Bai Suzhen roars!
An eight-headed hydra appears.
Unknown command.
Bai Suzhen roars!
An eight-headed hydra appears.
The eight-headed hydra barely misses you.
The eight-headed hydra bites you!
The eight-headed hydra bites you but does no damage.
The eight-headed hydra bites you. x2; The eight-headed hydra misses you. x2
The eight-headed hydra bites you.
Unknown command.
Bai Suzhen roars in fury and transforms into a fierce dragon!
You kill the eight-headed hydra!
The eight-headed hydra's corpse disappears in a puff of smoke!
The eight-headed hydra bites you but does no damage.
The eight-headed hydra bites you!
The eight-headed hydra bites you but does no damage.
The eight-headed hydra bites you! The eight-headed hydra misses you.
The eight-headed hydra bites you.
* * * LOW HITPOINT WARNING * * *
The eight-headed hydra bites you!
* * * LOW HITPOINT WARNING * * *
The eight-headed hydra barely misses you.
Bai Suzhen bites you!
* * * LOW HITPOINT WARNING * * *
Bai Suzhen claws you.
* * * LOW HITPOINT WARNING * * *
Bai Suzhen closely misses you.
Unknown command.
You are engulfed in a thunderstorm.
You die...

Skill      XL: |  1  2  3  4  5  6  7  8  9 10 11 12 13 14 15 16 17 |
---------------+----------------------------------------------------+-----
Spellcasting   | 4 5 6 7 9 11 13 14 15 16 18 | 18.0
Conjurations   | 5 6 7 8 10 11 12 13 14 | 14.0
Hexes          | 2 3 6 7 9 |  9.0
Translocations | 4 |  4.0
Air Magic      | 2 3 |  3.0
Ice Magic      | 4 9 12 17 19 21 23 | 23.4
Invocations    | 3 5 8 9 |  9.0
Dodging        | 4 5 8 9 |  9.0
Shields        | 4 |  4.0
Stealth        | |  2.4

Action                     |  1- 3 |  4- 6 |  7- 9 | 10-12 | 13-15 | 16-18 || total
---------------------------+-------+-------+-------+-------+-------+-------++-------
  Melee: Unarmed           |     1 |       |       |       |       |       ||     1
         Short sword       |       |       |     2 |     4 |       |       ||     6
         Staff             |       |       |       |       |     1 |       ||     1
  Throw: Dart              |       |       |       |    19 |     1 |       ||    20
   Cast: Magic Dart        |    63 |    64 |    75 |    72 |    21 |       ||   295
         Searing Ray       |     3 |    17 |    17 |    26 |     7 |       ||    70
         Iskenderun's Myst |       |     4 |    37 |    84 |    56 |     3 ||   184
         Fulminant Prism   |       |       |    11 |   152 |    55 |       ||   218
         Metabolic Englaci |       |       |       |    13 |     3 |       ||    16
         Ozocubu's Armour  |       |       |       |     2 |       |       ||     2
         Ozocubu's Refrige |       |       |       |     7 |   219 |   244 ||   470
         Swiftness         |       |       |       |     2 |       |     1 ||     3
         Polar Vortex      |       |       |       |       |       |    10 ||    10
 Invoke: Channel Magic     |       |       |       |     2 |       |     1 ||     3
  Evoke: Wand              |       |       |       |     4 |     1 |       ||     5
         Lightning rod     |       |       |       |     4 |     3 |     1 ||     8
         Phantom mirror    |       |       |       |       |     1 |       ||     1
         Condenser vane    |       |       |       |       |     1 |       ||     1
    Use: Scroll            |       |       |    12 |     7 |    13 |     5 ||    37
         Potion            |       |       |       |     1 |     2 |     1 ||     4
 Armour: Robe              |     1 |     4 |     2 |    21 |     4 |     7 ||    39
  Dodge: Dodged            |     2 |    32 |    16 |   111 |    46 |    33 ||   240

Levels and vault maps discovered:
D:1:      dpeg_arrival_leaves_temple_mockup, layout_basic
D:2:      layout_loops_cross, grunt_ministairs_2, minmay_shallow_snake_nest,
          uniq_crazy_yiuf_cottage
D:3:      layout_basic, marbit_many_paths, uniq_sigmund, uniq_natasha
D:4:      layout_loops_corners
D:5:      layout_cave_pools, mainiacjoe_overflow_alcove_2,
          mainiacjoe_overflow_catwalk, uniq_menkaure, uniq_grinder, uniq_duvessa
D:6:      layout_gridville, chequers_temple_overflow_statue_of_worship,
          mainiacjoe_overflow_six_doors_small
D:7:      layout_loops_ring, minmay_temple_entry_butterflies,
          chequers_serial_rivers_small_3
D:8:      layout_basic, nicolae_uskayaw_murder_on_the_dancefloor,
          lemuel_coloured_pillars_altar, minmay_lair_entry_grove,
          gammafunk_ghost_hive, kennysheep_decorative_pillar,
          kennysheep_generic_room_4, uniq_joseph
D:9:      layout_basic, mainiacjoe_overflow_24_doors, xom_shifter_show
D:10:     layout_stronghold
D:11:     minmay_the_grid_octo_tiled_squarecenter_mashed
          [minmay_the_grid_octo_fat_diamond, minmay_the_grid_octo_fan_narrow,
          minmay_the_grid_octo_vomiting_pacman, minmay_the_grid_octo_shrine,
          minmay_the_grid_square_5x5_megaprize_open,
          minmay_the_grid_square_5x5_three_walls,
          minmay_the_grid_square_5x5_empty,
          minmay_the_grid_square_5x5_pentomino_r,
          minmay_the_grid_square_5x5_hollow_slash], layout_gridville,
          gauntlet_entry_generic
D:12:     layout_loops_corners, orc_0_dummy, uniq_frances, uniq_rupert
D:13:     layout_loops_corners, hangedman_vaults_entry_quadrant_bands,
          ebering_ghost_funeral_grove, minmay_microvault
D:14:     minmay_four_partial_circles, layout_basic, nicolae_water_bricks
D:15:     grunt_enter_depths_giant_problem, layout_layer_cave,
          nzn_wu_jian_council_hall, nicolae_sextant
Temple:   minmay_temple_forest_path
Lair:1:   layout_cave_shapes
Lair:2:   layout_cave_pods, dummy_snake_entry, minmay_shattered_shrine
Lair:3:   layout_loops_ring, shoals_dummy_entry, basic_altar,
          gammafunk_ghost_cemetery
Lair:4:   layout_misc_corridors, minmay_holes, st_stairs_5, uniq_urug
Lair:5:   grunt_lair_end_beastmaster, layout_misc_corridors, slime_entry_2,
          grunt_megastairs_2, serial_bayou_shore_a, infiniplex_staircase_pool_2
Snake:1:  layout_onion_interference, basic_altar, nrook_guardian_serpent_double,
          grunt_megastairs_4, uniq_azrael
Snake:2:  nicolae_cobra_stairs, layout_gridlike
Snake:3:  layout_gridlike, uniq_aizul
Snake:4:  snake_pit, layout_chambers, serial_shops, shop, grunt_ministairs_14,
          minmay_shoptagon, uniq_bai_suzhen
Orc:1:    layout_caves, gammafunk_ghost_grave, serial_shops, shop, basic_altar,
          nicolae_shop_clearance
Orc:2:    grunt_orc_community_town_hall, layout_caves,
          grunt_orc_community_big_house_1, grunt_orc_community_big_house_1,
          grunt_orc_community_house_1, grunt_orc_community_house_3,
          grunt_orc_community_house_3, grunt_orc_community_house_3,
          grunt_orc_community_house_2, serial_shops, shop, uniq_erolcha,
          uniq_jorgrun, uniq_snorg

Notes
Turn   | Place    | Note
-------+----------+-------------------------------------------
     0 | D:1      | Sobieck the Deep Elf Conjurer began the quest for the Orb.
     0 | D:1      | Reached XP level 1. HP: 10/10 MP: 6/6
   286 | D:1      | Reached XP level 2. HP: 15/15 MP: 5/8
   289 | D:1      | Learned a level 2 spell: Searing Ray
  1230 | D:2      | Reached skill level 4 in Spellcasting
  1317 | D:2      | Reached skill level 5 in Conjurations
  1317 | D:2      | Reached XP level 3. HP: 19/19 MP: 3/10
  1749 | D:2      | You pick up a book of Burglary and begin reading...
  1749 | D:2      | You add the spells Passwall, Ensorcelled Hibernation and
                  | Swiftness to your library.
  2040 | D:2      | Found a runed translucent door.
  2042 | D:2      | Noticed Crazy Yiuf
  2081 | D:3      | Reached XP level 4. HP: 24/24 MP: 7/12
  2136 | D:3      | Learned a level 4 spell: Fulminant Prism
  2141 | D:3      | Learned a level 4 spell: Iskenderun's Mystic Blast
  2164 | D:3      | Noticed Natasha
  2175 | D:3      | Killed Natasha
  2176 | D:3      | Reached skill level 1 in Hexes
  2495 | D:3      | Noticed Sigmund
  2519 | D:3      | Noticed Natasha
  2533 | D:3      | Killed Natasha
  2534 | D:3      | Reached skill level 5 in Spellcasting
  2595 | D:3      | Noticed Natasha
  2599 | D:3      | Killed Natasha
  2600 | D:3      | Reached skill level 2 in Hexes
  2600 | D:3      | Reached XP level 5. HP: 28/28 MP: 8/14
  2922 | D:3      | Found a glowing silver altar of Zin.
  3556 | D:4      | You fall into a shaft and drop 2 floors!
  3563 | D:5      | Entered Level 5 of the Dungeon
  3563 | D:5      | Noticed an ogre
  3572 | D:6      | Killed an ogre
  3573 | D:6      | Reached skill level 6 in Conjurations
  3573 | D:6      | Reached skill level 3 in Hexes
  3573 | D:6      | Reached XP level 6. HP: 29/32 MP: 5/16
  3653 | D:6      | Reached skill level 6 in Spellcasting
  3772 | D:5      | Noticed a two-headed ogre
  3772 | D:5      | Noticed Grinder
  3918 | D:6      | Found an iron altar of Okawaru.
  3960 | D:6      | Reached skill level 1 in Translocations
  4156 | D:6      | Reached skill level 2 in Translocations
  4194 | D:5      | Noticed Menkaure
  4224 | D:5      | Reached skill level 3 in Translocations
  4294 | D:5      | Killed Menkaure
  4295 | D:5      | Reached skill level 4 in Translocations
  4295 | D:5      | Reached XP level 7. HP: 36/36 MP: 10/18
  4352 | D:5      | Reached skill level 4 in Hexes
  4517 | D:5      | HP: 6/36 [two-headed ogre/+0 giant club (30)]
  4518 | D:5      | Killed a two-headed ogre
  4519 | D:5      | Reached skill level 7 in Spellcasting
  4519 | D:5      | Reached skill level 7 in Conjurations
  4519 | D:5      | Reached skill level 6 in Hexes
  4519 | D:5      | Reached XP level 8. HP: 8/41 MP: 1/21
  4961 | D:4      | Reached skill level 8 in Spellcasting
  5208 | D:4      | You pick up a book of Ice and begin reading...
  5208 | D:4      | You add the spells Simulacrum, Ozocubu's Refrigeration and
                  | Polar Vortex to your library.
  5624 | D:5      | Noticed Duvessa
  5631 | D:5      | Killed Duvessa
  5633 | D:5      | Noticed Dowan
  5680 | D:5      | Killed Dowan
  5796 | D:5      | Paralysed by Grinder for 4 turns
  5802 | D:5      | Killed Grinder
  5803 | D:5      | Reached skill level 8 in Conjurations
  5803 | D:5      | Reached skill level 7 in Hexes
  5933 | D:5      | Found an opulent altar of Gozag.
  6155 | D:5      | Found a blossoming altar of Fedhas.
  6196 | D:6      | Identified a scroll of acquirement
  6286 | D:5      | Learned a level 3 spell: Swiftness
  6561 | D:6      | Found a stormy altar of Qazlal.
  6561 | D:6      | Found a burning altar of Makhleb.
  6934 | D:7      | Reached skill level 9 in Spellcasting
  7164 | D:7      | Reached XP level 9. HP: 45/45 MP: 11/24
  7494 | D:7      | Reached skill level 8 in Hexes
  7608 | D:7      | You pick up a book of Air and begin reading...
  7608 | D:7      | You add the spells Shock and Airstrike to your library.
  7842 | D:7      | Found a staircase to the Ecumenical Temple.
  7851 | Temple   | Entered the Ecumenical Temple
  7935 | Temple   | Became a worshipper of Sif Muna the Loreminder
  8008 | D:7      | Reached skill level 9 in Conjurations
  8491 | D:8      | Reached skill level 10 in Spellcasting
  8619 | D:7      | Reached skill level 9 in Hexes
  8762 | D:8      | Reached skill level 1 in Air Magic
  8764 | D:8      | Reached skill level 10 in Conjurations
  8859 | D:8      | Reached skill level 11 in Spellcasting
  8862 | D:8      | Reached skill level 2 in Air Magic
  8938 | D:8      | Reached XP level 10. HP: 50/50 MP: 14/27
  9051 | D:8      | Reached skill level 3 in Air Magic
  9147 | D:8      | Found a staircase to the Lair.
  9430 | D:8      | Found a hide-covered altar of Uskayaw.
  9551 | D:8      | Found a transporter.
  9560 | D:8      | Found a transporter.
  9563 | D:8      | Noticed themarg's ghost (journeyman MfSu)
  9700 | D:8      | Reached * piety under Sif Muna
  9701 | D:8      | Reached skill level 11 in Conjurations
  9723 | D:8      | Learned a level 7 spell: Ozocubu's Refrigeration
 10086 | D:8      | Reached skill level 1 in Ice Magic
 10086 | D:8      | Reached skill level 1 in Invocations
 10171 | D:8      | Noticed Joseph
 10192 | D:8      | Killed Joseph
 10193 | D:8      | Reached skill level 3 in Dodging
 10356 | D:8      | Reached skill level 2 in Ice Magic
 10396 | D:8      | Found a basalt altar of Yredelemnul.
 10779 | D:9      | Found a shimmering altar of Xom.
 10779 | D:9      | Found a shimmering altar of Xom.
 10779 | D:9      | Found a shimmering altar of Xom.
 10782 | D:9      | Found a shimmering altar of Xom.
 10959 | D:9      | Reached skill level 2 in Invocations
 10967 | D:9      | Reached skill level 3 in Ice Magic
 11160 | D:9      | Reached skill level 4 in Dodging
 11323 | D:9      | Noticed a two-headed ogre
 11342 | D:9      | Killed a two-headed ogre
 11343 | D:9      | Reached skill level 4 in Ice Magic
 11343 | D:9      | Reached skill level 3 in Invocations
 11596 | D:9      | Found a hazy altar of Hepliaklqana.
 12134 | D:9      | Reached XP level 11. HP: 54/54 MP: 23/28
 12209 | D:10     | Entered Level 10 of the Dungeon
 12212 | D:10     | Reached ** piety under Sif Muna
 12213 | D:10     | Reached skill level 5 in Ice Magic
 12988 | D:10     | Reached skill level 5 in Dodging
 12988 | D:10     | Reached skill level 12 in Spellcasting
 13151 | D:10     | Reached skill level 4 in Invocations
 13573 | D:10     | Reached skill level 6 in Ice Magic
 13887 | D:11     | You pick up a book of Winter and begin reading...
 13887 | D:11     | You add the spells Ozocubu's Armour and Metabolic
                  | Englaciation to your library.
 13892 | D:11     | Learned a level 3 spell: Ozocubu's Armour
 13964 | D:11     | Noticed a two-headed ogre
 13972 | D:11     | Killed a two-headed ogre
 14194 | D:11     | Reached *** piety under Sif Muna
 14373 | D:11     | You pick up a book of Dreams and begin reading...
 14373 | D:11     | You add the spells Spider Form and Anguish to your library.
 14378 | D:11     | Noticed a wolf spider
 14381 | D:11     | Killed a wolf spider
 14382 | D:11     | Reached skill level 12 in Conjurations
 14415 | D:11     | Noticed a death knight
 14429 | D:11     | Killed a death knight
 14430 | D:11     | Reached skill level 7 in Ice Magic
 14430 | D:11     | Reached skill level 5 in Invocations
 14810 | D:11     | Noticed an ogre mage
 14818 | D:11     | Killed an ogre mage
 15017 | D:11     | Reached skill level 8 in Ice Magic
 15058 | D:11     | Reached skill level 13 in Spellcasting
 15123 | D:11     | Noticed a jorogumo
 15187 | D:11     | Killed a jorogumo
 15284 | D:11     | Learned a level 5 spell: Metabolic Englaciation
 15284 | D:11     | Identified the +11 rapier of the Toothy God {flame, Int-5
                  | Dex+3}
 15417 | D:11     | Noticed a boulder beetle
 15508 | D:11     | Killed a boulder beetle
 15509 | D:11     | Reached skill level 9 in Ice Magic
 15509 | D:11     | Reached XP level 12. HP: 48/59 MP: 12/31
 16016 | D:11     | Found a shadowy altar of Dithmenos.
 16020 | D:11     | Found a white marble altar of Elyvilon.
 16021 | D:11     | Noticed a boulder beetle
 16031 | D:11     | HP: 13/59 [boulder beetle (9)]
 16832 | D:11     | Killed a boulder beetle
 16833 | D:11     | Reached skill level 13 in Conjurations
 16833 | D:11     | Reached skill level 10 in Ice Magic
 16928 | D:11     | Noticed a boulder beetle
 17119 | D:11     | Killed a boulder beetle
 17369 | D:11     | Identified the staff of air "Fiogh" {rElec rC- rN+ Dex+3}
 17372 | D:11     | Found a snail-covered altar of Cheibriados.
 17372 | D:11     | Identified the staff of poison "Puge" {rPois rC+ rCorr
                  | Str+2}
 17375 | D:11     | Found an ornate altar of the Wu Jian Council.
 17384 | D:11     | Identified the staff of air "Uzxuoryl" {rElec rF+ rC+ rCorr
                  | Str+3}
 17390 | D:11     | Found a sacrificial altar of Ru.
 17392 | D:11     | Found a stormy altar of Qazlal.
 17620 | D:11     | Identified the +0 ring mail of Asceticism {*Slow Fly Int-5
                  | SInv}
 17693 | D:12     | Found a staircase to the Orcish Mines.
 17700 | D:12     | Noticed Frances
 17709 | D:11     | Reached skill level 14 in Spellcasting
 17833 | D:12     | Killed Frances
 18029 | D:12     | Reached skill level 11 in Ice Magic
 18170 | D:11     | Acquired 1022 gold pieces
 18884 | D:12     | You pick up a book of Maledictions and begin reading...
 18937 | D:12     | Noticed Rupert
 18945 | D:12     | Killed Rupert
 19222 | D:12     | You pick up a book of Beasts and begin reading...
 19222 | D:12     | You add the spells Summon Ice Beast, Summon Mana Viper and
                  | Monstrous Menagerie to your library.
 19262 | D:12     | Noticed a two-headed ogre
 19263 | D:12     | Noticed a two-headed ogre
 19270 | D:12     | Killed a two-headed ogre
 19270 | D:12     | Killed a two-headed ogre
 19529 | D:12     | Reached skill level 12 in Ice Magic
 19529 | D:12     | Reached XP level 13. HP: 63/63 MP: 14/33
 20011 | Lair:1   | Entered Level 1 of the Lair of Beasts
 20457 | Lair:1   | Reached **** piety under Sif Muna
 20727 | Lair:1   | Reached skill level 15 in Spellcasting
 20828 | Lair:1   | Reached skill level 14 in Conjurations
 21716 | Lair:2   | Reached skill level 13 in Ice Magic
 21798 | Lair:2   | You pick up a book of Hexes and begin reading...
 22405 | Lair:2   | Reached skill level 14 in Ice Magic
 23106 | Lair:2   | Reached skill level 15 in Ice Magic
 23214 | Lair:2   | Found a staircase to the Snake Pit.
 23856 | Lair:3   | Found a staircase to the Shoals.
 24221 | Lair:3   | Found a runed translucent gate.
 24221 | Lair:3   | Found a runed translucent gate.
 24221 | Lair:3   | Found a runed translucent gate.
 24698 | Lair:3   | Found a stormy altar of Qazlal.
 24719 | Lair:3   | Acquired a staff of cold
 25180 | Lair:3   | Noticed killozap's ghost (journeyman DsNe)
 25181 | Lair:3   | Noticed Esekla's ghost (journeyman OpDe)
 25181 | Lair:3   | Noticed fozzywoppz's ghost (journeyman TrFi)
 25186 | Lair:3   | Found the +15 Maxwell's patent armour {-Cast -Tele rElec
                  | Will+ rCorr}
 25213 | Lair:4   | Reached skill level 16 in Ice Magic
 25222 | Lair:4   | Reached ***** piety under Sif Muna
 25452 | Lair:4   | Identified a potion of experience
 25474 | Lair:4   | Reached skill level 17 in Ice Magic
 25474 | Lair:4   | Reached XP level 14. HP: 68/68 MP: 35/35
 25766 | Lair:4   | Reached XP level 15. HP: 72/72 MP: 21/36
 25925 | Lair:4   | Learned a level 9 spell: Polar Vortex
 26052 | Lair:4   | Noticed Urug
 26059 | Lair:4   | Killed Urug
 26312 | Lair:4   | You pick up a book of Armaments and begin reading...
 26312 | Lair:4   | You add the spells Stone Arrow, Animate Armour and
                  | Lehudib's Crystal Spear to your library.
 26323 | Lair:4   | Received a gift from Sif Muna
 26328 | Lair:4   | You add the spells Cigotuvi's Dreadful Rot, Mephitic Cloud,
                  | Petrify and Shatter to your library.
 26328 | Lair:4   | Got Voash's Lectures on Quicksand and the Panacea {god
                  | gift}
 26733 | Lair:5   | Entered Level 5 of the Lair of Beasts
 27170 | Lair:5   | Reached skill level 6 in Dodging
 27171 | Lair:5   | Reached skill level 6 in Invocations
 27572 | Lair:5   | Identified the +6 ring mail of Panentheism {Fly rPois}
 27810 | Lair:5   | Found a runed translucent door.
 27810 | Lair:5   | Found a viscous altar of Jiyva.
 27816 | Lair:5   | Found a staircase to the Slime Pits.
 27827 | Lair:5   | Reached skill level 18 in Ice Magic
 28725 | Lair:5   | Reached skill level 7 in Dodging
 29039 | Lair:5   | You pick up a book of Weapons and begin reading...
 29039 | Lair:5   | You add the spells Tukima's Dance, Portal Projectile and
                  | Blade Hands to your library.
 29472 | Orc:1    | Entered Level 1 of the Orcish Mines
 29571 | Orc:2    | Entered Level 2 of the Orcish Mines
 29571 | Orc:2    | Found Yfareiru's Distillery.
 29664 | Orc:2    | Reached skill level 7 in Invocations
 29673 | Orc:2    | Received a gift from Sif Muna
 29686 | Orc:2    | You add the spells Wereblood, Ignite Poison, Arcjolt,
                  | Yara's Violent Unravelling and Plasma Beam to your library.
 29686 | Orc:2    | Got Sif Muna's Secrets of Transmogrification and Aeromancy
                  | {god gift}
 29849 | Orc:2    | Noticed Jorgrun
 29853 | Orc:2    | Killed Jorgrun
 29854 | Orc:2    | Reached skill level 16 in Spellcasting
 30143 | Orc:2    | Found a staircase to the Elven Halls.
 30196 | Orc:2    | Noticed Erolcha
 30198 | Orc:2    | Killed Erolcha
 30514 | Orc:2    | Noticed Snorg
 30516 | Orc:2    | Killed Snorg
 31256 | Orc:1    | Found Lidd's CLEARANCE SALE!.
 31636 | Orc:1    | Found Rextuk's General Store.
 31692 | Orc:1    | Found a runed translucent door.
 31692 | Orc:1    | Noticed Fuihifyi's ghost (journeyman DsCK)
 32141 | Orc:2    | Reached skill level 8 in Dodging
 32262 | Orc:2    | Found Xanet's Antique Armour Shop.
 32295 | Orc:2    | Found Qeeniaq's Antique Weapon Boutique.
 32331 | Orc:2    | Found Riuwnisch's Antique Weapon Boutique.
 32641 | Orc:2    | Found Saqef's Distillery.
 32738 | Orc:2    | Received a gift from Sif Muna
 32740 | Orc:2    | You add the spells Silence and Statue Form to your library.
 32740 | Orc:2    | Got Sif Muna's Octavo of the Hazy Crater {god gift}
 33934 | D:13     | Reached skill level 19 in Ice Magic
 33934 | D:13     | Reached skill level 8 in Invocations
 34265 | D:13     | Reached XP level 16. HP: 68/76 MP: 23/38
 34515 | D:13     | Found a gate to the Vaults.
 34527 | D:13     | Identified the staff of poison "Cememol" {rElec rPois
                  | Int+4}
 35212 | D:13     | Found a runed translucent door.
 35225 | D:13     | Identified the +5 spear "Piqy" {heavy, *Slow Str+9}
 35227 | D:13     | Noticed Cunint's ghost (journeyman MiBe)
 35509 | D:14     | Reached skill level 9 in Dodging
 35562 | D:14     | You add the spells Call Imp and Dragon's Call to your
                  | library.
 35562 | D:14     | Got the Treatise on Supportive Congelation
 36014 | D:14     | Reached skill level 17 in Spellcasting
 36205 | D:14     | Reached skill level 9 in Invocations
 36238 | D:14     | Received a gift from Sif Muna
 36239 | D:14     | You add the spells Blink, Lesser Beckoning, Manifold
                  | Assault and Spellforged Servitor to your library.
 36239 | D:14     | Got Sif Muna's Compendium of the Creative Map {god gift}
 36550 | D:14     | Reached skill level 20 in Ice Magic
 36746 | D:15     | Entered Level 15 of the Dungeon
 36925 | D:15     | Found an ornate altar of the Wu Jian Council.
 37405 | D:15     | Found a staircase to the Depths.
 37409 | D:15     | Reached skill level 1 in Shields
 38071 | Snake:1  | Entered Level 1 of the Snake Pit
 38073 | Snake:1  | Reached skill level 2 in Shields
 38369 | Snake:1  | Reached skill level 3 in Shields
 38506 | Snake:1  | Identified the ring of the Summoning Queen {rF- rCorr Str+4
                  | Int+6}
 38585 | Snake:1  | Found a hazy altar of Hepliaklqana.
 38596 | Snake:1  | Noticed Azrael
 38602 | Snake:1  | Killed Azrael
 38773 | Snake:1  | Reached skill level 18 in Spellcasting
 39093 | Snake:1  | Reached skill level 4 in Shields
 39269 | Snake:2  | Reached skill level 21 in Ice Magic
 39541 | Snake:2  | Received a gift from Sif Muna
 39543 | Snake:2  | Reached XP level 17. HP: 80/80 MP: 7/41
 39543 | Snake:2  | You pick up a book of the Tundra and begin reading...
 39543 | Snake:2  | You add the spells Hailstorm and Ice Form to your library.
 39834 | Snake:2  | HP: 14/80 [nagaraja/bolt of poison (43)]
 40402 | Orc:2    | Bought a pair of runed boots for 292 gold pieces
 40402 | Orc:2    | Bought a pair of glowing gloves for 292 gold pieces
 40469 | Orc:2    | Bought 2 potions of cancellation for 224 gold pieces
 40469 | Orc:2    | Bought a potion of haste for 140 gold pieces
 40469 | Orc:2    | Bought a potion of invisibility for 112 gold pieces
 40532 | Orc:1    | Bought a potion of brilliance for 48 gold pieces
 40576 | Orc:2    | Bought a potion of haste for 140 gold pieces
 40576 | Orc:2    | Bought a potion of mutation for 112 gold pieces
 40576 | Orc:2    | Bought a potion of haste for 140 gold pieces
 40861 | Snake:2  | Reached skill level 22 in Ice Magic
 41843 | Snake:3  | Received a gift from Sif Muna
 41845 | Snake:3  | You pick up a book of Fire and begin reading...
 41845 | Snake:3  | You add the spells Foxfire, Fireball and Starburst to your
                  | library.
 42117 | Snake:3  | Noticed Aizul
 42125 | Snake:3  | Killed Aizul
 42254 | Snake:3  | You pick up a book of Maledictions and begin reading...
 42290 | Snake:3  | Reached skill level 23 in Ice Magic
 42653 | Snake:4  | Entered Level 4 of the Snake Pit
 43040 | Snake:4  | Noticed Bai Suzhen
 43046 | Snake:4  | HP: 14/80 [Bai Suzhen (17)]
 43047 | Snake:4  | Engulfed by Bai Suzhen's thunder

Vanquished Creatures
  Jorgrun (Orc:2)
  Rupert (D:12)
  Frances (D:12)
  5 nagarajas (Snake:2)
  A fire giant (D:15)
  Aizul (Snake:3)
  An orc warlord (Orc:2)
  Azrael (Snake:1)
  Snorg (Orc:2)
  An ettin (Orc:2)
  10 hydras
  Erolcha (Orc:2)
  4 boulder beetles
  7 centaur warriors
  3 ogre magi
  A jorogumo (shapeshifter) (D:11)
  A death knight (D:11)
  A catoblepas (Lair:5)
  6 anacondas
  A tengu warrior (D:14)
  Urug (Lair:4)
  A deep troll shaman (Lair:5)
  10 two-headed ogres
  11 death yaks
  9 naga warriors
  3 orc high priests (Orc:2)
  3 shock serpents
  A deep elf knight (D:13)
  4 naga sharpshooters
  A salamander mystic (Snake:4)
  6 naga ritualists
  5 deep elf pyromancers
  3 deep elf zephyrmancers (D:13)
  4 orc knights
  A wizard (D:14)
  8 cyclopes
  10 mana vipers
  13 ugly things
  2 orc sorcerers (Orc:2)
  5 salamanders
  5 manticores
  A wolf spider (D:11)
  19 elephants
  16 naga magi
  6 guardian serpents
  38 black mambas
  Joseph (D:8)
  10 cane toads
  3 yaktaurs
  2 gargoyles
  2 rime drakes
  3 kobold demonologists
  2 efreet (D:14)
  6 komodo dragons
  An unseen horror (D:11)
  3 tengu conjurers (D:14)
  6 trolls
  Grinder (D:5)
  5 polar bears
  4 dream sheep (Lair:5)
  2 hornets
  16 blink frogs
  16 slime creatures
  4 shadows
  A vampire (D:12)
  4 wyverns
  3 water elementals (D:14)
  46 yaks
  9 wraiths
  4 fire elementals (Snake:1)
  6 vampire mosquitoes (D:14)
  6 basilisks
  4 wargs (Orc:2)
  31 nagas
  Menkaure (D:5)
  2 acid dragons
  4 hell hounds (Snake:1)
  16 water moccasins
  Duvessa (D:5)
  27 orc warriors
  An ice beast (D:7)
  2 black bears
  2 sky beasts
  13 ogres
  14 wolves
  15 centaurs
  10 kobold brigands
  13 bullfrogs
  A gnoll sergeant (D:7)
  2 scorpions
  9 wights (D:10)
  Dowan (D:5)
  5 killer bees (D:11)
  3 howler monkeys
  4 electric eels
  2 gnoll boudas
  A hound (D:6)
  17 orc priests
  A jelly (D:7)
  Natasha (thrice) (D:3)
  3 iguanas
  25 orc wizards
  7 adders
  12 gnolls
  A shadow imp (D:6)
  An ufetubus (D:5)
  3 dart slugs
  72 orcs
  7 ball pythons
  5 endoplasms
  3 giant cockroaches
  6 goblins
  7 hobgoblins
  8 jackals
  37 kobolds
  3 quokkas
  6 bats
  5 frilled lizards
  4 rats
  A butterfly (D:7)
822 creatures vanquished.

Vanquished Creatures (others)
  217 fulminant prisms
  57 fungi
  111 plants
  6 withered plants
391 creatures vanquished.

Grand Total: 1213 creatures vanquished

Table legend:
 A = Non-vault XP
 B = Vault XP
 C = Vault XP percentage of total XP
 D = Non-vault monster count
 E = Vault monster count
 F = Vault count percentage of total count
                 A         B        C        D         E       F
            +---------+---------+-------+---------+---------+-------
      Total |  144897 |   78265 |  35.1 |     597 |     224 |  27.3
            +---------+---------+-------+---------+---------+-------
        D:1 |      23 |       0 |   0.0 |      13 |       0 |   0.0
        D:2 |      42 |      16 |  27.6 |      19 |       4 |  17.4
        D:3 |     130 |      37 |  22.2 |      21 |       2 |   8.7
        D:4 |     108 |       0 |   0.0 |      11 |       0 |   0.0
        D:5 |     968 |     649 |  40.1 |      13 |       4 |  23.5
        D:6 |     563 |       0 |   0.0 |      14 |       0 |   0.0
        D:7 |    1105 |     214 |  16.2 |      23 |       1 |   4.2
        D:8 |    1070 |    2637 |  71.1 |      26 |      15 |  36.6
        D:9 |    3491 |       0 |   0.0 |      29 |       0 |   0.0
       D:10 |    3351 |     223 |   6.2 |      34 |       1 |   2.9
       D:11 |    3668 |   11473 |  75.8 |      16 |      28 |  63.6
       D:12 |    5507 |    3229 |  37.0 |      19 |       2 |   9.5
       D:13 |    6182 |    4653 |  42.9 |      18 |      16 |  47.1
       D:14 |   16142 |    6946 |  30.1 |      42 |      15 |  26.3
       D:15 |    8890 |    1316 |  12.9 |      17 |       1 |   5.6
     Lair:1 |    6850 |       0 |   0.0 |      28 |       0 |   0.0
     Lair:2 |    7962 |    3179 |  28.5 |      17 |       6 |  26.1
     Lair:3 |    5689 |       0 |   0.0 |      23 |       0 |   0.0
     Lair:4 |    5642 |    1255 |  18.2 |      18 |       3 |  14.3
     Lair:5 |    7953 |   14030 |  63.8 |      26 |      28 |  51.9
    Snake:1 |   11905 |    5447 |  31.4 |      27 |      14 |  34.1
    Snake:2 |   21856 |   11705 |  34.9 |      42 |      17 |  28.8
    Snake:3 |    9631 |    1217 |  11.2 |      23 |       1 |   4.2
    Snake:4 |    8716 |       0 |   0.0 |      19 |       0 |   0.0
      Orc:1 |    1251 |       0 |   0.0 |      16 |       0 |   0.0
      Orc:2 |    6202 |   10039 |  61.8 |      43 |      66 |  60.6
            +---------+---------+-------+---------+---------+-------

Skill      XL: |  1  2  3  4  5  6  7  8  9 10 11 12 13 14 15 16 17 |
---------------+----------------------------------------------------+-----
Spellcasting   | 4 5 6 7 9 11 13 14 15 16 18 | 18.0
Conjurations   | 5 6 7 8 10 11 12 13 14 | 14.0
Hexes          | 2 3 6 7 9 |  9.0
Translocations | 4 |  4.0
Air Magic      | 2 3 |  3.0
Ice Magic      | 4 9 12 17 19 21 23 | 23.4
Invocations    | 3 5 8 9 |  9.0
Dodging        | 4 5 8 9 |  9.0
Shields        | 4 |  4.0
Stealth        | |  2.4

Action                     |  1- 3 |  4- 6 |  7- 9 | 10-12 | 13-15 | 16-18 || total
---------------------------+-------+-------+-------+-------+-------+-------++-------
  Melee: Unarmed           |     1 |       |       |       |       |       ||     1
         Short sword       |       |       |     2 |     4 |       |       ||     6
         Staff             |       |       |       |       |     1 |       ||     1
  Throw: Dart              |       |       |       |    19 |     1 |       ||    20
   Cast: Magic Dart        |    63 |    64 |    75 |    72 |    21 |       ||   295
         Searing Ray       |     3 |    17 |    17 |    26 |     7 |       ||    70
         Iskenderun's Myst |       |     4 |    37 |    84 |    56 |     3 ||   184
         Fulminant Prism   |       |       |    11 |   152 |    55 |       ||   218
         Metabolic Englaci |       |       |       |    13 |     3 |       ||    16
         Ozocubu's Armour  |       |       |       |     2 |       |       ||     2
         Ozocubu's Refrige |       |       |       |     7 |   219 |   244 ||   470
         Swiftness         |       |       |       |     2 |       |     1 ||     3
         Polar Vortex      |       |       |       |       |       |    10 ||    10
 Invoke: Channel Magic     |       |       |       |     2 |       |     1 ||     3
  Evoke: Wand              |       |       |       |     4 |     1 |       ||     5
         Lightning rod     |       |       |       |     4 |     3 |     1 ||     8
         Phantom mirror    |       |       |       |       |     1 |       ||     1
         Condenser vane    |       |       |       |       |     1 |       ||     1
    Use: Scroll            |       |       |    12 |     7 |    13 |     5 ||    37
         Potion            |       |       |       |     1 |     2 |     1 ||     4
 Armour: Robe              |     1 |     4 |     2 |    21 |     4 |     7 ||    39
  Dodge: Dodged            |     2 |    32 |    16 |   111 |    46 |    33 ||   240

Illustrated notes

Table legend:
 A = Kills in this place as a percentage of kills in the entire game.
 B = Kills by you in this place as a percentage of kills by you in the entire game.
 C = Kills by friends in this place as a percentage of kills by friends in the entire game.
 D = Other kills in this place as a percentage of other kills in the entire game.
 E = Experience gained in this place as a percentage of experience gained in the entire game.
 F = Experience gained in this place divided by the number of levels of this place that you have seen.
                   A       B       C       D       E      F
               +-------+-------+-------+-------+-------+----------------------
         Total | 100.0 | 100.0 |   N/A |   N/A | 100.0 | 8265.3
       Dungeon |  49.2 |  49.2 |   N/A |   N/A |  37.0 | 5508.9
          Lair |  18.1 |  18.1 |   N/A |   N/A |  23.6 | 10512.0
     Snake Pit |  17.4 |  17.4 |   N/A |   N/A |  31.6 | 17619.2
  Orcish Mines |  15.2 |  15.2 |   N/A |   N/A |   7.8 | 8746.0
               +-------+-------+-------+-------+-------+----------------------

Table legend: (Time is in decaauts)
 A = Elapsed time spent in this place.
 B = Non-inter-level travel time spent in this place.
 C = Inter-level travel time spent in this place.
 D = Time resting spent in this place.
 E = Time spent auto-exploring this place.
 F = Levels seen in this place.
 G = Mean time per level.
                   A        B        C        D        E       F      G
               +--------+--------+--------+--------+--------+-----+--------+
         Total |  43184 |  40552 |   2632 |  14300 |  18810 |  27 | 1599.4 |
       Dungeon |  25429 |  23927 |   1502 |   7902 |  11734 |  15 | 1695.3 |
        Temple |    120 |     84 |     36 |      0 |     71 |   1 |  120.0 |
          Lair |   9466 |   8942 |    524 |   4000 |   3077 |   5 | 1893.2 |
     Snake Pit |   4303 |   4038 |    265 |   1113 |   2047 |   4 | 1075.8 |
  Orcish Mines |   3863 |   3558 |    305 |   1285 |   1880 |   2 | 1931.5 |
               +--------+--------+--------+--------+--------+-----+--------+

Top non-repeatable levels by time:
    D:10: 3093 daAuts
   Orc:2: 3034 daAuts
    D:11: 2961 daAuts
  Lair:5: 2161 daAuts
    D:13: 2158 daAuts
    D:12: 2119 daAuts
  Lair:2: 2055 daAuts
     D:8: 2013 daAuts
  Lair:1: 1935 daAuts
     D:7: 1838 daAuts
  Lair:4: 1783 daAuts
     D:6: 1769 daAuts
 Snake:2: 1750 daAuts
     D:9: 1634 daAuts
  Lair:3: 1531 daAuts
